AoeStats
← ivcrk826

Arena

509666037Analyzed
4v4 RM · 4d ago on Sep 27, 2026· 36m 22s· 8 players
Game mode
Random Map
Map size
Large (8 player)
Population
200
Speed
Normal
Resources
Standard
Victory
Conquest
Starting age
Dark Age
Ending age
Imperial Age
RankedLock teamsTeams togetherTeam positionsShared explorationLock speedFull tech treeHidden civsTurbo modeCheats
Victory
Defeat
🇨🇴 Burgundians · Colombia
1521
+14
🇲🇽 Burgundians · Mexico
1504
+14
🇨🇴 Italians · Colombia
1502
+14
🇨🇴 Cumans · Colombia
1466
+15
🇹🇷 Magyars · Türkiye
1505
-16
🇦🇷 Malay · Argentina
1465
-14
🇺🇸 Varangians · United States
1455
-14
🇩🇪 Celts · Germany
1439
-13
ivcrk826
11:29 Feudal Age
12:19 Feudal Age
15:27 Castle Age
13:26 Double-Bit Axe
13:26 Horse Collar
14:08 Town Watch
14:09 Loom
19:59 Man-at-Arms
20:47 Long Swordsman
33:27 Pikeman
Gesius
10:40 Feudal Age
11:46 Double-Bit Axe
14:23 Castle Age
12:19 Horse Collar
15:06 Bloodlines
20:07 Bloodlines
23:14 Bloodlines
25:23 Bow Saw
25:23 Scale Barding Armor
29:40 Wheelbarrow
29:07 Heavy Plow
32:41 Hand Cart
35:22 Imperial Age
32:39 Town Watch
32:40 Loom
33:22 Husbandry
34:39 Chain Barding Armor
35:56 Forging
Moerbsle
10:59 Feudal Age
12:09 Double-Bit Axe
12:07 Horse Collar
14:50 Castle Age
12:59 Gold Mining
16:01 Bow Saw
20:32 Man-at-Arms
21:41 Scale Mail Armor
22:11 Long Swordsman
28:24 Imperial Age
27:04 Loom
28:17 Stone Mining
29:05 Fortified Wall
30:08 Wheelbarrow
29:44 Heavy Plow
29:47 Fletching
0_TactX
10:54 Feudal Age
12:03 Double-Bit Axe
12:15 Horse Collar
14:59 Castle Age
15:56 Bow Saw
20:13 Wheelbarrow
23:56 Hand Cart
24:57 Loom
28:49 Imperial Age
26:47 Scale Barding Armor
27:59 Heavy Plow
28:20 Chain Barding Armor
28:12 Bloodlines
28:03 Husbandry
29:17 Gold Mining
28:53 Cavalier
30:58 Plate Barding Armor
31:06 Paladin
33:49 Gold Shaft Mining
33:05 Stone Mining
34:20 Crop Rotation
34:53 Fletching
35:04 Padded Archer Armor
35:25 Ballistics
36:05 Chemistry
35:18 Elite Skirmisher
36:04 Thumb Ring
36:28 Bodkin Arrow
36:49 Leather Archer Armor
36:47 Masonry
赤いドラゴン
3:52 Double-Bit Axe
6:38 Loom
9:36 Feudal Age
12:06 Scale Mail Armor
12:30 Horse Collar
16:16 Forging
18:24 Town Watch
20:57 Wheelbarrow
25:07 Castle Age
23:29 Gold Mining
23:41 Heavy Plow
23:59 Bow Saw
29:20 Imperial Age
29:17 Padded Archer Armor
31:03 Chemistry
ELEG | Kynby
9:43 Feudal Age
11:38 Double-Bit Axe
11:46 Gold Mining
18:02 Horse Collar
22:45 Wheelbarrow
21:56 Town Watch
25:07 Castle Age
23:34 Stone Mining
25:08 Loom
26:11 Scale Barding Armor
26:16 Forging
26:47 Hand Cart
26:58 Bow Saw
27:47 Chain Barding Armor
27:40 Bloodlines
28:28 Iron Casting
30:51 Imperial Age
31:01 Chain Barding Armor
31:17 Iron Casting
32:27 Plate Barding Armor
31:18 Elite Steppe Lancer
32:36 Gold Shaft Mining
31:58 Capped Ram
34:02 Two-Man Saw
37:53 Blast Furnace
37:15 Conscription
ELEG | Rafcelot
6:12 Double-Bit Axe
10:40 Feudal Age
14:54 Castle Age
12:55 Horse Collar
13:41 Bow Saw
14:34 Wheelbarrow
26:10 Imperial Age
24:01 Heavy Plow
23:52 Gold Mining
24:42 Scale Barding Armor
24:51 Forging
26:11 Two-Man Saw
25:49 Chain Barding Armor
25:23 Cavalier
26:26 Husbandry
27:54 Paladin
30:45 Crop Rotation
31:37 Gold Shaft Mining
31:01 Stone Mining
34:46 Hand Cart
ELEG | IronLeg
9:45 Feudal Age
13:59 Castle Age
14:44 Loom
25:13 Imperial Age
23:11 Fletching
23:32 Horse Collar
23:42 Gold Mining
23:45 Double-Bit Axe
26:32 Wheelbarrow
28:08 Chemistry
27:34 Bodkin Arrow
29:25 Ballistics
29:18 Padded Archer Armor
29:36 Bracer
33:23 Heavy Plow
33:34 Bow Saw
34:13 Leather Archer Armor
35:10 Elite Genoese Crossbowman
36:36 Conscription
Connection lost

Rejoining the realm…

Still unreachable

The connection could not be restored.

Session expired

The server has moved on; the page needs a fresh start.